 Dungeon Crawl Stone Soup version 0.24.0-13-gcf9b3192b9 (webtiles) character file.

Game seed: 3255308031020448863, levelgen mode: classic

3622 EnegeticOcto the Covert (level 10, -4/69 HPs)
             Began as an Octopode Hunter on Nov 5, 2019.
             Slain by a two-headed ogre
             ... wielding a +0 giant club
              (28 damage)
             ... on level 8 of the Dungeon.
             The game lasted 00:08:59 (9541 turns).

EnegeticOcto the Covert (Octopode Hunter)           Turns: 9541, Time: 00:09:00

Health: -4/69      AC:  3    Str: 13    XL:     10   Next: 11%
Magic:  19/19      EV: 21    Int: 16    God:
Gold:   335        SH:  0    Dex: 12    Spells: 9/9 levels left

rFire    . . .     SeeInvis .     - Unarmed
rCold    . . .     Gourm    .   (no shield)
rNeg     + + .     Faith    .   w - +2 hat
rPois    .         Spirit   .   (no amulet)
rElec    .         Reflect  .   h - +5 ring of evasion
rCorr    .         Harm     .   B - ring of positive energy
MR       .....                  d - ring of magical power
Stlth    +++++.....             F - ring of positive energy
HPRegen  0.21/turn              (no ring)
MPRegen  0.16/turn              (no ring)
                                (no ring)
                                (no ring)

@: studying Shields
A: almost no armour, stealthy swim, amphibious, 8 rings, constrict 8, camouflage
1, gelatinous body 1
a: no special abilities


You were on level 8 of the Dungeon.
You were not hungry.

You visited 2 branches of the dungeon, and saw 9 of its levels.

You collected 335 gold pieces.

Inventory:

Hand Weapons
 a - a +0 short sword of venom
 f - a +3 halberd of freezing
 o - a +3 mace of draining
 A - the +7 great mace "Undeadhunter" {disrupt, rN+}
   (You took it off an orc wizard on level 7 of the Dungeon)

   It protects you from negative energy.
Missiles
 b - 2 javelins (quivered)
 c - 5 throwing nets {!f}
Armour
 w - a +2 hat (worn)
Jewellery
 d - a ring of magical power (on tentacle)
 h - a +5 ring of evasion (left tentacle)
 B - a ring of positive energy (right tentacle)
 F - a ring of positive energy (on tentacle)
Wands
 n - a wand of iceblast (6)
 q - a wand of flame (17)
 t - a wand of paralysis (1)
Scrolls
 g - 2 scrolls of fear {!r}
 p - 3 scrolls of remove curse {@r2}
 s - 3 scrolls of amnesia
 v - 5 scrolls of teleportation {@r3 !r}
 y - a scroll of brand weapon
 E - a scroll of torment {unknown}
Potions
 j - 2 potions of mutation
 k - a potion of magic
 l - 3 potions of heal wounds {@q2 !q}
 m - 3 potions of brilliance
 r - 3 potions of curing {@q1 !q}
 u - a potion of ambrosia {unknown}
 x - a potion of haste {unknown}
 z - 2 potions of resistance
 C - a potion of might {unknown}
Books
 i - a manual of Shields
Comestibles
 e - 2 rations


   Skills:
 + Level 6.9 Fighting
 - Level 4.0 Throwing
 + Level 6.9 Dodging
 + Level 9.4 Stealth
 * Level 8.3 Unarmed Combat


You had 9 spell levels left.
You didn't know any spells.
Your spell library was empty.

Dungeon Overview and Level Annotations

Branches:
Dungeon (8/15)             Temple (1/1) D:6
   Lair: D:8-11

Altars:
Ashenzari
Cheibriados
Dithmenos
Elyvilon
Fedhas
Gozag
Hepliaklqana
Kikubaaqudgha
Makhleb
Nemelex Xobeh
Qazlal
Ru
Sif Muna
Trog
Uskayaw
Vehumet
Wu Jian
Xom
Yredelemnul
Zin
The Shining One
Beogh

Annotations:
D:4 3 runed translucent doors, Grizz's ghost, amateur MiFi
D:5 1 runed translucent door, TheWoodenMan's ghost, novice MiGl
D:8 3 runed translucent doors, Neremis's ghost, novice GrFi


Innate Abilities, Weirdness & Mutations

You cannot wear most types of armour.
You are very stealthy in the water. (Stealth+)
You are amphibious.
You can wear up to eight rings at the same time.
You can use your tentacles to constrict eight enemies at once.
Your skin changes colour to match your surroundings (Stealth+).
Your rubbery body absorbs attacks. (AC +1, EV +1)


Message History

You completely miss the black bear. You tentacle-slap the black bear.
The black bear is almost dead.
You constrict the black bear.
The black bear goes berserk!
You bludgeon the black bear!
You kill the black bear!
E - a scroll labeled ATOOR PUJECVYQ
Found a ring of positive energy.
A bullfrog zombie comes into view.
Things that are here:
7 gold pieces; a plate armour
Found 6 gold pieces.
The helpless bullfrog zombie fails to defend itself.
You bludgeon the bullfrog zombie! You grab the bullfrog zombie.
The bullfrog zombie is moderately damaged.
You constrict the bullfrog zombie.
The bullfrog zombie completely misses you.
You bludgeon the bullfrog zombie! You squeeze the bullfrog zombie!
The bullfrog zombie is almost destroyed.
You constrict the bullfrog zombie. The bullfrog zombie hits you.
You tentacle-slap the bullfrog zombie but do no damage.
The bullfrog zombie is almost destroyed.
You constrict the bullfrog zombie. The bullfrog zombie barely misses you.
You tentacle-slap the bullfrog zombie. You squeeze the bullfrog zombie.
You destroy the bullfrog zombie!
No target in view!
No target in view!
No target in view!
You now have 329 gold pieces (gained 7).
You see here a plate armour.
You see here a ring of positive energy.
F - a ring of positive energy
F - a ring of positive energy (on tentacle) Search for what [Enter for "shield", or ? for help]? ring Unknown command.
Search for what [Enter for "ring", or ? for help]? shield You see here a plate armour.
You now have 335 gold pieces (gained 6).
Neremis's ghost turns its malevolent gaze towards you.
The orc warrior shouts!
You hear a roar!
You hear a shout!
The bullfrog croaks.
Found a stone staircase leading down.
You open the door.
A bullfrog, an orc, an orc wizard and a two-headed ogre come into view.
Throwing (i - inventory. (/) - cycle)
b - 4 javelins (quivered)
Press: ? - help, Shift-Dir - straight line, f - bullfrog
Aim: a bullfrog (resting)
You throw a javelin.
The javelin pierces through the bullfrog!
The bullfrog is heavily wounded.
You hear a shout!
The orc shouts!
You hear a shout!
Throwing (i - inventory. (/) - cycle)
b - 3 javelins (quivered)
Press: ? - help, Shift-Dir - straight line, f - orc, p - bullfrog
Aim: an orc, wielding a +0 whip and wearing a +0 ring mail You throw a javelin.
The javelin barely misses the two-headed ogre.
The two-headed ogre shouts in stereo!
The javelin pierces through the orc but does no damage.
An orc comes into view. It is wielding a +0 flail.
Some of the chunks of flesh in your inventory have rotted away.
The bullfrog misses you.
An orc wizard comes into view. It is wielding a +0 dagger.
The orc wizard shouts!
You bludgeon the bullfrog! Your grab misses the bullfrog.
The bullfrog is almost dead.
The bullfrog misses you.
You bludgeon the bullfrog!
You kill the bullfrog!
Evoke which item? (* to show all) (? for menu, Esc to quit)
Aiming: Paralyse
Press: ? - help, Shift-Dir - straight line, f - two-headed ogre, p - orc
Aim: a two-headed ogre, wielding a +0 giant club and a +0 giant spiked club (chance to defeat MR: 28%)
The two-headed ogre easily resists.
The two-headed ogre closely misses you.
The two-headed ogre hits you with a +0 giant spiked club!!
Evoke which item? (* to show all) (? for menu, Esc to quit)
Aiming: Paralyse
Press: ? - help, Shift-Dir - straight line, p - two-headed ogre Nothing appears to happen.
The two-headed ogre completely misses you.
The two-headed ogre hits you with a +0 giant spiked club!
The orc wizard mumbles some strange words.
The orc wizard blinks!
The orc wizard casts a spell.
The orc wizard seems to speed up.
All of the chunks of flesh in your inventory have rotted away.
The orc wizard mumbles some strange words.
The orc wizard blinks!
You see here a plate armour.
Evoke which item? (* to show all) (? for menu, Esc to quit)
Aiming: Paralyse
Press: ? - help, Shift-Dir - straight line, f - two-headed ogre
Aim: a two-headed ogre, wielding a +0 giant club and a +0 giant spiked club (chance to defeat MR: 28%)
The two-headed ogre easily resists.
Evoke which item? (* to show all) (? for menu, Esc to quit)
Aiming: Paralyse
Press: ? - help, Shift-Dir - straight line, f/p - two-headed ogre
Aim: a two-headed ogre, wielding a +0 giant club and a +0 giant spiked club (chance to defeat MR: 28%)
The two-headed ogre easily resists.
The two-headed ogre hits you with a +0 giant club!!
The two-headed ogre hits you with a +0 giant spiked club!!
You die...

.....[.# #.# #.....#
##.###.###.###.#...#######.#
#.# #.....................#
#.###.###.#####..##########
#.....# #######..# #######
#.....# #+####.)##
##.####O..## #######
#......@...## #.....# #
#.###.......####.###.# #.
#.##...............#.#
##.###.###.......####.....#
##...............## ###.###
........###.....## #.#
##..##.........## #.# #
#.######.## #.# #)# #.# #.#


You could see a two-headed ogre.

Vanquished Creatures
  Prince Ribbit (D:7)
  A hungry ghost (D:7)
  Menkaure (D:7)
  A water moccasin (D:5)
  2 orc warriors
  2 black bears
  An eye of draining (D:8)
  A centaur (D:7)
  4 ogres
  2 phantoms (D:4)
  8 bullfrogs
  3 killer bees (D:8)
  3 wights (D:6)
  5 howler monkeys
  A bullfrog zombie (D:8)
  A crimson imp (D:7)
  A quasit (D:7)
  A hound (D:4)
  An iguana (D:6)
  5 orc priests
  2 bullfrog skeletons
  A centaur skeleton (D:4)
  5 orc wizards
  Jessica (D:2)
  Natasha (D:2)
  5 worker ants
  A hound skeleton (D:5)
  A howler monkey zombie (D:6)
  A worker ant zombie (D:5)
  8 gnolls (D:3)
  14 adders
  A shadow imp (D:5)
  An ooze (D:1)
  4 adder skeletons
  4 worms
  2 dart slugs
  3 leopard geckos
  11 orcs
  4 ball pythons
  6 giant cockroaches
  9 goblins
  9 hobgoblins
  8 jackals
  9 kobolds
  3 quokkas
  3 bats
  4 frilled lizards
  A leopard gecko skeleton (D:4)
  7 rats
174 creatures vanquished.

Notes
Turn   | Place    | Note
-------+----------+-------------------------------------------
     0 | D:1      | EnegeticOcto the Octopode Hunter began the quest for the
                  | Orb.
     0 | D:1      | Reached XP level 1. HP: 14/14 MP: 1/1
   169 | D:1      | Reached skill level 2 in Stealth
   169 | D:1      | Reached XP level 2. HP: 10/19 MP: 2/2
   532 | D:1      | Reached XP level 3. HP: 16/25 MP: 3/3
  1103 | D:2      | Found a shattered altar of Ashenzari.
  1317 | D:2      | Reached skill level 3 in Stealth
  1479 | D:2      | Reached XP level 4. HP: 30/30 MP: 4/4
  1997 | D:2      | Noticed Jessica
  2000 | D:2      | Killed Jessica
  2006 | D:2      | Noticed Natasha
  2016 | D:2      | Killed Natasha
  2016 | D:2      | Reached skill level 4 in Stealth
  2016 | D:2      | Reached XP level 5. HP: 28/36 MP: 5/5
  2453 | D:3      | Found a burning altar of Makhleb.
  2579 | D:3      | Found a white marble altar of Elyvilon.
  2873 | D:3      | Reached skill level 1 in Unarmed Combat
  2887 | D:3      | Reached XP level 6. HP: 26/43 MP: 6/6
  3449 | D:3      | Found a hide-covered altar of Uskayaw.
  3608 | D:4      | Found a runed translucent gate.
  3608 | D:4      | Found a runed translucent gate.
  3608 | D:4      | Found a runed translucent gate.
  3608 | D:4      | Noticed Grizz's ghost (amateur MiFi)
  3889 | D:4      | Reached skill level 5 in Stealth
  3910 | D:4      | Noticed a phantom
  3944 | D:4      | Killed a phantom
  3944 | D:4      | Reached XP level 7. HP: 28/48 MP: 7/7
  4602 | D:4      | Identified the cursed +3 mace of Vuulos {flame, +Inv rN+}
  4602 | D:4      | Identified the cursed +0 chain mail of the Rose {-Cast
                  | Regen+ rCorr}
  4843 | D:4      | Found a roughly hewn altar of Beogh.
  4888 | D:5      | Entered Level 5 of the Dungeon
  5224 | D:5      | Reached skill level 6 in Stealth
  5285 | D:5      | Reached XP level 8. HP: 52/54 MP: 8/8
  5365 | D:5      | Found an ancient bone altar of Kikubaaqudgha.
  5460 | D:5      | Found a runed translucent door.
  5462 | D:5      | Noticed TheWoodenMan's ghost (novice MiGl)
  5736 | D:5      | Reached skill level 5 in Dodging
  5814 | D:5      | Reached skill level 5 in Fighting
  6364 | D:6      | Reached skill level 5 in Unarmed Combat
  6687 | D:6      | Reached skill level 7 in Stealth
  7157 | D:6      | Found a radiant altar of Vehumet.
  7157 | D:6      | Found an ornate altar of the Wu Jian Council.
  7215 | D:6      | Found a sparkling altar of Nemelex Xobeh.
  7269 | D:6      | Reached XP level 9. HP: 57/61 MP: 9/9
  7332 | D:6      | Found a staircase to the Ecumenical Temple.
  7340 | Temple   | Entered the Ecumenical Temple
  7622 | D:7      | Noticed Prince Ribbit
  7636 | D:7      | Killed Prince Ribbit
  7636 | D:7      | Reached skill level 8 in Stealth
  7821 | D:7      | Noticed Menkaure
  7993 | D:7      | Killed Menkaure
  8833 | D:8      | Reached skill level 9 in Stealth
  9070 | D:8      | Reached XP level 10. HP: 49/69 MP: 0/10
  9457 | D:8      | Noticed Neremis's ghost (novice GrFi)
  9458 | D:8      | Found a runed translucent gate.
  9458 | D:8      | Found a runed translucent gate.
  9458 | D:8      | Found a runed translucent gate.
  9490 | D:8      | Noticed a two-headed ogre
  9541 | D:8      | Slain by a two-headed ogre

Levels and vault maps discovered:
D:1:      sevenhm_arrival_forest_fort_large_4, layout_basic,
          kennysheep_decorative_pillar
D:2:      minmay_angry_zag, layout_loops_ring, ashenzari_conservatory_becter,
          uniq_natasha, uniq_jessica
D:3:      layout_loops_ring, lemuel_coloured_pillars_altar, lemuel_round_altar,
          elyvilon_altar_5, chequers_serial_rivers_large_a
D:4:      layout_cave_pods, biasface_ghost_orc_armoury, st_stairs_10
D:5:      layout_basic, marbit_many_paths, first_ration,
          ebering_ghost_inner_flame
D:6:      layout_basic, lemuel_crystal_altar,
          gammafunk_temple_overflow_elements, minmay_temple_entry_slanted
D:7:      layout_rooms, uniq_menkaure, uniq_prince_ribbit1
D:8:      layout_loops_corners, kennysheep_mini, gammafunk_ghost_split,
          hangedman_little_slice_of_home, minmay_manual_monolith
Temple:   cyrus_circular_temple

Skill      XL: |  1  2  3  4  5  6  7  8  9 |
---------------+----------------------------+-----
Stealth        | 2 3 4 5 6 7 9 |  9.4
Dodging        | 3 4 5 6 |  6.9
Fighting       | 3 4 5 6 |  6.9
Unarmed Combat | 1 2 4 6 8 |  8.3
Throwing       | |  4.0

Action                   |  1- 3 |  4- 6 |  7- 9 | 10-12 || total
-------------------------+-------+-------+-------+-------++-------
Melee: Short sword       |    76 |    72 |    20 |       ||   168
       Constrict         |    17 |    37 |    52 |     5 ||   111
       Tentacles         |    15 |    20 |    47 |     4 ||    86
       Mace              |       |    51 |   224 |     4 ||   279
       Punch             |       |       |     9 |     2 ||    11
       Unarmed           |       |       |       |    18 ||    18
Throw: Javelin           |       |       |    11 |     2 ||    13
Evoke: Wand              |       |       |    10 |     4 ||    14
  Use: Scroll            |       |     5 |    11 |       ||    16
 Stab: Sleeping          |     9 |    17 |    18 |     2 ||    46
       Paralysed         |       |       |     4 |       ||     4
       Distracted        |       |       |     1 |       ||     1
  Eat: Chunk             |     2 |     7 |     9 |     1 ||    19
       Ration            |       |       |     4 |       ||     4
Armor: Skin              |     3 |     3 |    13 |       ||    19
Dodge: Dodged            |    61 |    82 |   259 |    10 ||   412
